 Dungeon Crawl Stone Soup version 0.31-a0-1589-g8f5e8aebd6 (webtiles) character file.

Game seed: 3172575039067830145

1381 monsoonserge the Arsonist (level 8, -2/42 HPs)
             Began as a Deep Elf Fire Elementalist on Jan 5, 2024.
             Was a Follower of Vehumet.
             Slain by a vampire (11 damage)
             ... on level 6 of the Dungeon.
             The game lasted 00:22:22 (6563 turns).

monsoonserge the Arsonist (DEFE)                    Turns: 6563, Time: 00:22:22

Health: -2/42      AC:  6    Str:  5    XL:     8   Next: 39%
Magic:  6/14       EV: 12    Int: 29    God:    Vehumet [*.....]
Gold:   137        SH:  0    Dex: 15    Spells: 6/13 levels left

rFire   . . .        q - +2 dagger (pain)
rCold   . . .        (no shield)
rNeg    . . .        l - +0 leather armour
rPois   .            (no helmet)
rElec   .            (no cloak)
rCorr   +            (no gloves)
SInv    .            y - +2 pair of boots
Will    .....        (no amulet)
Stlth   ++           s - +6 ring of intelligence
HPRegen 0.27/turn    w - ring of resist corrosion
MPRegen 0.14/turn

%: no passive effects
@: no status effects
A: no striking features
a: Renounce Religion


You were on level 6 of the Dungeon.
You worshipped Vehumet.
Vehumet was aware of your devotion.
You visited 2 branches of the dungeon, and saw 7 of its levels.
You also visited: Ossuary.

You collected 170 gold pieces.
You spent 33 gold pieces at shops.

Inventory:

Hand Weapons
 q - a +2 dagger of pain (weapon)
Missiles
 a - 13 poisoned darts (quivered)
 m - 6 boomerangs
 o - 2 throwing nets
Armour
 l - a +0 leather armour (worn)
 y - a +2 pair of boots (worn)
Jewellery
 s - a +6 ring of intelligence (left hand)
 w - a ring of resist corrosion (right hand)
Wands
 h - a wand of iceblast (8)
 i - a wand of paralysis (5)
Scrolls
 d - 4 scrolls of immolation
 e - a scroll of vulnerability {unknown}
 k - 3 scrolls of teleportation
 n - a scroll of butterflies {unknown}
 r - 2 scrolls of noise {unknown}
 u - a scroll of revelation {unknown}
 v - 2 scrolls of poison {unknown}
 x - 2 scrolls of enchant weapon {unknown}
Potions
 b - 3 potions of curing
 c - 2 potions of ambrosia {unknown}
 f - 2 potions of resistance
 g - a potion of brilliance
 j - a potion of mutation
 p - a potion of lignification {unknown}
 t - a potion of degeneration {unknown}
 z - 2 potions of berserk rage {unknown}
 A - a potion of heal wounds {unknown}
 B - a potion of attraction {unknown}


   Skills:
 + Level 0.7 Fighting
 + Level 0.8 Short Blades
 * Level 3.5 Armour
 + Level 3.4 Dodging
 - Level 3.0 Stealth
 - Level 3.0 Spellcasting
 + Level 3.7 Conjurations
 - Level 1.0 Necromancy
 + Level 9.4 Fire Magic


You had 6 spell levels left.
You knew the following spells:

 Your Spells              Type           Power      Damage    Failure   Level
a - Foxfire               Conj/Fire      100%       2x1d9     1%          1
b - Scorch                Fire           100%       2d9       1%          2
c - Flame Wave            Conj/Fire      42%        2d11      8%          4

Your spell library contained the following spells:

 Spells                   Type           Power      Damage    Failure   Level
 Kiss of Death            Conj/Necr      72%        2d10      4%          1
 Inner Flame              Hex/Fire       31%        N/A       5%          3
 Volatile Blastmotes      Fire/Tloc      62%        2d15      5%          3
 Ignite Poison            Fire/Alch      31%        N/A       17%         4
 Sticky Flame             Fire/Alch      31%        2d7       17%         4
 Animate Dead             Necr           10%        N/A       61%         4
 Leda's Liquefaction      Alch/Erth      2%         N/A       75%         4
 Lee's Rapid Deconstruct  Erth           2%         3d4*      97%         5
 Bombard                  Conj/Erth      7%         9d2       100%        6
 Haunt                    Necr/Summ      3%         N/A       100%        7
 Ignition                 Fire           28%        3d9       100%        8
 Infestation              Necr           5%         N/A       100%        8


Dungeon Overview and Level Annotations

Branches:
Dungeon (6/15)             Temple (1/1) D:5         Ossuary (visited)

Altars:
Dithmenos
Fedhas
Hepliaklqana
Kikubaaqudgha
Nemelex Xobeh
Okawaru
Qazlal
Ru
Sif Muna
Trog
Vehumet
Xom
Yredelemnul
Zin
The Shining One

Shops:
D:1 ?   D:4 [


Message History

Confirm with . or Enter, or press ? or * to list all spells.
You conjure some foxfire!
Casting: Foxfire (safe; 1% risk of failure)
Confirm with . or Enter, or press ? or * to list all spells.
Flames lash something.
The foxfire hits something.
You hear some strange, mumbled words.
You are confused.
You bump into the rock wall.
Something hits you. Something bites you but does no damage.
You bump into the rock wall.
You hear some strange, mumbled words.
You are more confused.
You bump into the rock wall.
Something hits you. Something bites you.
Something draws strength from your injuries!
You bump into the rock wall.
Something barely misses you. Something bites you.
Something draws strength from your injuries!
Okay, then.
You completely miss something. Something hits you.
Something bites you but does no damage.
You hit something but do no damage. Something hits you! Something bites you!
Something draws strength from your injuries!
It was a potion of curing.
You feel better. Something hits you. Something bites you but does no damage.
Casting: Scorch (safe; 1% risk of failure)
Confirm with . or Enter, or press ? or * to list all spells.
Flames lash something.
Something hits you! Something barely misses you.
Unknown command.
Casting: Scorch (safe; 1% risk of failure)
Confirm with . or Enter, or press ? or * to list all spells.
Flames lash something but do no damage.
Something completely misses you. Something bites you.
* * * LOW HITPOINT WARNING * * *
Something draws strength from your injuries!
Unknown command.
Casting: Scorch (safe; 1% risk of failure)
Confirm with . or Enter, or press ? or * to list all spells.
Flames lash something but do no damage.
Something hits you.
* * * LOW HITPOINT WARNING * * *
Something bites you!
You die...

...#.# #.#
##.# #.# ..
#.# . #.# #.#
#.# #.#
≈###########.#
≈.....{@.....#
##############


There were no monsters in sight!

Vanquished Creatures
  2 black bears (D:5)
  An ogre (D:5)
  3 elf zombies (Ossuary)
  A kobold brigand (D:3)
  2 scorpions (D:5)
  A howler monkey (D:4)
  A centaur zombie (Ossuary)
  A bombardier beetle (D:3)
  4 orc priests
  4 iguanas
  An orc wizard (D:3)
  2 mummies (Ossuary)
  7 hound zombies (Ossuary)
  3 gnolls (D:2)
  7 adders
  2 ufetubi (D:4)
  4 adder zombies (Ossuary)
  2 dart slugs
  6 ribbon worms
  11 orcs
  5 ball pythons
  4 endoplasms
  5 giant cockroaches
  5 gnoll zombies (Ossuary)
  8 goblins
  4 hobgoblins
  7 jackals
  9 kobolds
  4 quokkas
  4 bats
  4 frilled lizards
  5 jackal zombies (Ossuary)
  2 kobold zombies (Ossuary)
  7 orc zombies (Ossuary)
  12 rats
150 creatures vanquished.

Vanquished Creatures (others)
  291 foxfires
291 creatures vanquished.

Grand Total: 441 creatures vanquished

Notes
Turn   | Place    | Note
-------+----------+-------------------------------------------
     0 | D:1      | monsoonserge the Deep Elf Fire Elementalist began the quest
                  | for the Orb.
     0 | D:1      | Reached XP level 1. HP: 10/10 MP: 6/6
   328 | D:1      | Reached XP level 2. HP: 10/15 MP: 5/8
   356 | D:1      | Learned a level 2 spell: Scorch
   623 | D:1      | Reached skill level 4 in Fire Magic
   676 | D:1      | Found Ugasacoeje's Magic Scroll Boutique.
  1045 | D:2      | Reached XP level 3. HP: 19/19 MP: 4/9
  1440 | D:1      | Bought a scroll of teleportation for 33 gold pieces
  1627 | D:2      | Reached skill level 1 in Armour
  1627 | D:2      | Reached XP level 4. HP: 5/24 MP: 1/10
  2039 | D:3      | Noticed a kobold brigand
  2043 | D:3      | Killed a kobold brigand
  2044 | D:3      | Reached skill level 5 in Fire Magic
  2044 | D:3      | Reached XP level 5. HP: 28/28 MP: 3/11
  2722 | D:3      | Learned a level 4 spell: Flame Wave
  2988 | D:3      | Reached skill level 6 in Fire Magic
  2992 | D:3      | Reached XP level 6. HP: 32/32 MP: 3/12
  3240 | D:4      | Found an ancient bone altar of Kikubaaqudgha.
  3437 | D:4      | Found Paonop's Armour Shoppe.
  4335 | D:5      | Entered Level 5 of the Dungeon
  4404 | D:5      | Reached skill level 7 in Fire Magic
  4404 | D:5      | Reached XP level 7. HP: 37/37 MP: 7/13
  4419 | D:5      | Found a glowing golden altar of the Shining One.
  4522 | D:5      | Reached skill level 1 in Necromancy
  4705 | D:5      | Reached skill level 8 in Fire Magic
  4774 | D:5      | Found a staircase to the Ecumenical Temple.
  4784 | Temple   | Entered the Ecumenical Temple
  4815 | Temple   | Became a worshipper of Vehumet
  4851 | D:5      | Found a sacrificial altar of Ru.
  4930 | D:5      | Found a sand-covered staircase.
  4936 | Ossuary  | Entered an ossuary
  5166 | Ossuary  | Reached XP level 8. HP: 42/42 MP: 1/14
  5426 | Ossuary  | Reached * piety under Vehumet
  5426 | Ossuary  | Offered knowledge of Kiss of Death by Vehumet.
  5431 | Ossuary  | Reached skill level 9 in Fire Magic
  6477 | D:6      | Found a basalt altar of Yredelemnul.
  6563 | D:6      | Slain by a vampire

Illustrated notes

Levels and vault maps discovered:
D:1:      sevenhm_arrival_forest_fort_small_5, layout_rooms, serial_shops,
          shop_statue
D:2:      layout_basic, nicolae_wormholes
D:3:      layout_basic
D:4:      layout_loops_cross, nicolae_kikubaaqudgha_miasma_corner, serial_shops,
          nicolae_shop_tiny_glass, chequers_serial_rivers_small_3
D:5:      layout_gridville, mainiacjoe_overflow_six_doors_small,
          kennysheep_mini_moat, minmay_temple_entry_mist,
          nicolae_ossuary_entry_plus
D:6:      layout_basic, evilmike_ruin_ashenzari, kennysheep_ying_yang,
          chequers_serial_rivers_small_a, minmay_shop_enchanted_jewellery
Temple:   grunt_temple_mini_profane

Skill      XL: |  1  2  3  4  5  6  7  8 |
---------------+-------------------------+-----
Fire Magic     | 4 5 6 7 8 9 |  9.4
Armour         | 1 2 3 |  3.5
Stealth        | 3 |  3.0
Conjurations   | 2 3 |  3.7
Dodging        | 3 |  3.4
Necromancy     | 1 |  1.0
Fighting       | |  0.7
Short Blades   | |  0.8
Spellcasting   | |  3.0

Action                     |  1- 3 |  4- 6 |  7- 9 || total
---------------------------+-------+-------+-------++-------
  Melee: Short sword       |     3 |     2 |       ||     5
         Falchion          |       |     2 |       ||     2
         Dagger            |       |    10 |    21 ||    31
         Rapier            |       |     1 |       ||     1
   Cast: Foxfire           |    61 |    35 |    71 ||   167
         Scorch            |    20 |    56 |    40 ||   116
         Flame Wave        |       |       |     2 ||     2
  Evoke: Wand              |       |       |     1 ||     1
    Use: Scroll            |       |     3 |     1 ||     4
         Potion            |       |       |     2 ||     2
   Stab: Sleeping          |       |     1 |       ||     1
 Armour: Robe              |     2 |       |       ||     2
         Leather armour    |     6 |    18 |    49 ||    73
  Dodge: Dodged            |    10 |    25 |    37 ||    72

Table legend: (Time is in decaauts)
 A = Elapsed time spent in this place.
 B = Non-inter-level travel time spent in this place.
 C = Inter-level travel time spent in this place.
 D = Time resting spent in this place.
 E = Time spent auto-exploring this place.
 F = Levels seen in this place.
 G = Mean time per level.
                   A        B        C        D        E       F      G
               +--------+--------+--------+--------+--------+-----+--------+
         Total |   6570 |   6225 |    345 |    604 |   3640 |   8 |  821.2 |
       Dungeon |   5783 |   5493 |    290 |    300 |   3640 |   6 |  963.8 |
        Temple |     58 |      3 |     55 |      0 |      0 |   1 |   58.0 |
       Ossuary |    728 |    728 |      0 |    304 |      0 |   1 |  728.0 |
               +--------+--------+--------+--------+--------+-----+--------+

Top non-repeatable levels by time:
     D:5: 1309 daAuts
     D:2: 1204 daAuts
     D:3: 1155 daAuts
     D:4: 1119 daAuts
     D:1: 861 daAuts
 Ossuary: 728 daAuts
     D:6: 133 daAuts
  Temple: 58 daAuts
